 Dungeon Crawl Stone Soup version 0.27.1-3-gb3d3a73c9e (webtiles) character file.

Game seed: 11250735216016161397

118 Eitelfritz the Gusty (level 5, 0/28 HPs)
             Began as a Tengu Air Elementalist on Oct 27, 2021.
             Succumbed to an adder's poison
             ... on level 2 of the Dungeon.
             The game lasted 00:10:10 (2784 turns).

Eitelfritz the Gusty (Tengu Air Elementalist)       Turns: 2784, Time: 00:10:10

Health: 0/28       AC:  4    Str:  9    XL:     5   Next: 2%
Magic:  0/10       EV: 14    Int: 15    God:
Gold:   53         SH:  0    Dex: 15    Spells: 3/10 levels left

rFire    . . .     SeeInvis .   (no weapon)
rCold    . . .     Faith    .   (no shield)
rNeg     . . .     Spirit   .   h - +0 leather armour
rPois    .         Reflect  .   (helmet restricted)
rElec    .         Harm     .   k - +0 cloak
rCorr    .         Rampage  .   (no gloves)
Will     .....                  (boots unavailable)
Stlth    ++........             (no amulet)
HPRegen  0.09/turn              (no ring)
MPRegen  0.12/turn              (no ring)

@: lethally poisoned (0 -> -4), flying quickly and evasively, quick
A: beak, talons 3, nimble flight
a: no special abilities


You were on level 2 of the Dungeon.
You visited 1 branch of the dungeon, and saw 2 of its levels.

You collected 53 gold pieces.

Inventory:

Missiles
 j - 2 boomerangs
Armour
 a - a +0 robe
 h - a +0 leather armour (worn)
 k - a +0 cloak (worn)
Jewellery
 d - an amulet of faith
Scrolls
 b - 2 scrolls of immolation {unknown}
 c - 2 scrolls of teleportation {unknown}
 e - a scroll of torment {unknown}
 f - a scroll of vulnerability {unknown}
 g - a scroll of noise {unknown}
 l - a scroll of fog {unknown}
 m - a scroll of enchant armour {unknown}
 n - a scroll of amnesia {unknown}


   Skills:
 + Level 2.8 Dodging
 + Level 2.1 Stealth
 + Level 0.1 Unarmed Combat
 + Level 3.0 Spellcasting
 + Level 2.0 Conjurations
 + Level 5.7 Air Magic


You had 3 spell levels left.
You knew the following spells:

 Your Spells              Type           Power      Damage    Failure   Level
a - Shock                 Conj/Air       56%        1d6       5%          1
b - Static Discharge      Conj/Air       14%        N/A       9%          2
c - Freeze                Ice            8%         1d3       28%         1
d - Swiftness             Air            19%        N/A       8%          3

Your spell library contained the following spells:

 Spells                   Type           Power      Damage    Failure   Level
 Frozen Ramparts          Ice            4%         1d2       63%         3
 Airstrike                Air            9%         N/A       26%         4
 Hailstorm                Conj/Ice       5%         3d4       88%         4


Dungeon Overview and Level Annotations

Branches:
Dungeon (2/15)

Altars:
Nemelex Xobeh


Innate Abilities, Weirdness & Mutations

You have a beak for a mouth.
You have claws for feet.
Your magical nature lets you fly swiftly and evasively.


Message History

Press: ? - help, Shift-Dir - straight line, f/p - adder
Aim: an adder (severely wounded, slow)
You miscast Freeze.
You are very lightly contaminated with residual magic.
Nothing appears to happen.
You feel sick. The adder bites you but does no damage.
Unknown command.
You miss the adder. Your kick misses the adder.
The adder is severely wounded.
You feel sick. The adder barely misses you.
You miss the adder.
The adder is severely wounded.
You feel sick. The adder bites you.
You miss the adder. Your kick misses the adder.
The adder is severely wounded.
You feel sick.
You are no longer poisoned.
The adder is no longer moving slowly.
The adder closely misses you.
Casting: Freeze (safe; 28% risk of failure)
Confirm with . or Enter, or press ? or * to list all spells.
Aiming: Freeze (safe; 28% risk of failure)
Press: ? - help, Shift-Dir - straight line, f/p - adder
Aim: an adder (severely wounded)
You freeze the adder.
The adder is almost dead.
The adder bites you.
* * * LOW HITPOINT WARNING * * *
You are lethally poisoned!
The adder poisons you!
It was a potion of cancellation.
You feel magically purged.
Your magical contamination has completely faded away.
* * * LOW HITPOINT WARNING * * *
You feel sick. The adder barely misses you. The adder closely misses you.
You completely miss the adder. You claw the adder.
You kill the adder!
* * * LOW HITPOINT WARNING * * *
You feel sick.
You have reached level 5!
Your magical nature develops, letting you fly swiftly and evasively.
You die...

..# #.##.( #..# #.##.. #
# #..##.##.. #. #.
#..#####. #.###. #..###..
#..#.. #...#... #...#
#...#. #. #)†## ##..##.
#. #@.## ##..####
#.###########.†## ##..##
# #...........##..##
##†.## #
##.....####.###..###..###
#............##..#†.##.#
#.._..####.#..##...###.#
#.....# #.....##.####.#
#....(##
#......###..#.####
##.##..#
#.......#........##


There were no monsters in sight!

Vanquished Creatures
  A gnoll (D:1)
  5 adders (D:2)
  2 worms (D:2)
  2 dart slugs
  A bat (D:2)
  4 endoplasms
  2 giant cockroaches (D:2)
  4 goblins
  7 hobgoblins
  3 jackals (D:2)
  4 kobolds
  4 quokkas (D:2)
  7 ball pythons
  2 frilled lizards (D:2)
  4 rats (D:1)
52 creatures vanquished.

Vanquished Creatures (others)
  3 plants (D:2)
3 creatures vanquished.

Grand Total: 55 creatures vanquished

Notes
Turn   | Place    | Note
-------+----------+-------------------------------------------
     0 | D:1      | Eitelfritz the Tengu Air Elementalist began the quest for
                  | the Orb.
     0 | D:1      | Reached XP level 1. HP: 10/10 MP: 4/4
    89 | D:1      | Reached XP level 2. HP: 15/15 MP: 0/6
   293 | D:1      | Learned a level 2 spell: Static Discharge
   295 | D:1      | Learned a level 1 spell: Freeze
   691 | D:1      | Reached XP level 3. HP: 19/19 MP: 3/7
  1305 | D:2      | Reached skill level 5 in Air Magic
  1659 | D:2      | Reached XP level 4. HP: 24/24 MP: 2/8
  1663 | D:2      | Learned a level 3 spell: Swiftness
  2088 | D:2      | Found a sparkling altar of Nemelex Xobeh.
  2193 | D:2      | Found a faded altar of an unknown god.
  2783 | D:2      | HP: 1/24 [poisoned by an adder]
  2784 | D:2      | Gained mutation: Your magical nature lets you fly swiftly
                  | and evasively. [Tengu growth]
  2784 | D:2      | Reached XP level 5. HP: 1/28 MP: 0/10
  2784 | D:2      | Succumbed to an adder's poison

Illustrated notes

Levels and vault maps discovered:
D:1:      minmay_arrival_wavy_path, layout_basic
D:2:      minmay_alternating_diamond, layout_loops_cross, basic_altar,
          shapermc_ecumenical_altar_mp_ritualfount, minmay_pentomino_p4

Skill      XL: |  1  2  3  4 |
---------------+-------------+-----
Air Magic      | 5 |  5.7
Conjurations   | 2 |  2.0
Spellcasting   | 3 |  3.0
Dodging        | |  2.8
Stealth        | |  2.1
Unarmed Combat | |  0.1

Action                   |  1- 3 |  4- 6 || total
-------------------------+-------+-------++-------
Melee: Unarmed           |     9 |    23 ||    32
       Kick              |     1 |     9 ||    10
       Peck              |     1 |     2 ||     3
 Cast: Shock             |    70 |    53 ||   123
       Freeze            |     3 |    10 ||    13
  Use: Potion            |       |     1 ||     1
Armor: Robe              |     2 |     1 ||     3
       Leather armour    |       |     6 ||     6
Dodge: Dodged            |     9 |    26 ||    35
